 Dungeon Crawl Stone Soup version 0.31-a0-949-g57150269e1 (webtiles) character file.

Game seed: 10229607035574663182

788 avis the Changeling (level 7, -6/32 HPs)
             Began as a Felid Shapeshifter on Oct 22, 2023.
             Mangled by a gnoll sergeant
             ... wielding a +0 spear
              (11 damage)
             ... on level 5 of the Dungeon.
             The game lasted 00:23:51 (4935 turns).

avis the Changeling (Felid Shapeshifter)            Turns: 4935, Time: 00:23:52

Health: -6/32      AC:  2    Str: 10    XL:     7   Next: 56%
Magic:  8/8        EV: 20    Int: 12    God:
Gold:   300        SH:  0    Dex: 17    Spells: 4/6 levels left
                                        Lives:  0   Deaths: 2

rFire   . .          .
                       - Unarmed
rCold   . . .        (shield unavailable)
rNeg    . . .        (body armour unavailable)
rPois   +            (helmet unavailable)
rElec   .            (cloak unavailable)
rCorr   .            (gloves unavailable)
SInv    +            (boots unavailable)
Will    +....        (no amulet)
Stlth   ++           g - ring of poison resistance
HPRegen 0.25/turn    n - ring of poison resistance
MPRegen 0.11/turn

%: no passive effects
@: beast-form, quick
A: beast (slay +4), very small, claws 1, fangs 3, see invisible, speed 1, shaggy
fur 2, stealthy paws, no weapons or thrown items, no armour, multi-lived
a: Begin Untransformation


You were on level 5 of the Dungeon.
You were a hulking beast.
You visited 2 branches of the dungeon, and saw 6 of its levels.

You collected 300 gold pieces.

Inventory:

Jewellery
 g - a ring of poison resistance (left paw)
 n - a ring of poison resistance (right paw)
Talismans
 b - a beast talisman (active)
 c - a flux talisman
 q - a maw talisman
 G - a granite talisman
Scrolls
 a - a scroll of teleportation {unknown}
 d - 2 scrolls of enchant weapon {unknown}
 f - a scroll of fog {unknown}
 k - a scroll of torment {unknown}
 l - 2 scrolls of revelation {unknown}
 m - a scroll of fear {unknown}
 o - 2 scrolls of noise {unknown}
 p - a scroll of poison {unknown}
 r - a scroll of blinking {unknown}
Potions
 e - a potion of degeneration
 h - 2 potions of ambrosia
 i - 3 potions of curing
 j - a potion of mutation {unknown}


   Skills:
 * Level 4.2 Fighting
 - Level 6.0 Dodging
 - Level 3.0 Unarmed Combat
 - Level 7.0 Shapeshifting


You had 4 spell levels left.
You knew the following spells:

 Your Spells              Type           Power      Damage    Failure   Level
a - Blink                 Tloc           0%         N/A       45%         2

Your spell library contained the following spells:

 Spells                   Type           Power      Damage    Failure   Level
 Manifold Assault         Tloc           0%         N/A       97%         4


Dungeon Overview and Level Annotations

Branches:
Dungeon (5/15)             Temple (1/1) D:4

Altars:
Ashenzari
Cheibriados
Dithmenos
Elyvilon
Fedhas
Gozag
Hepliaklqana
Makhleb
Nemelex Xobeh
Qazlal
Uskayaw
Wu Jian
Xom
Yredelemnul
Zin
The Shining One

Annotations:
D:1 Terence
D:2 1 runed translucent door, exclusion: door, Crazy Yiuf, Natasha


Innate Abilities, Weirdness & Mutations

You are a hulking beast.
Your limbs bulge with bestial killing power. (Slay +4)
You have sharp claws.
You have razor-sharp teeth.
You have supernaturally acute eyesight. (SInv)
You cover ground quickly. (Speed+)
You are covered in thick fur. (AC +2)
Your paws help you pounce on unaware monsters.
You are incapable of wielding weapons or throwing items.
You cannot wear armour.
You gain extra lives every three experience levels.


Message History

You hear the rapid rusting of a very distant drain.
The gnoll shouts!
There is a stone staircase leading up, spattered with blood here.
You climb upwards.
There is a stone staircase leading down here.
You see here the felid corpse of avis.
You climb downwards.
You hear the sound of rushing water.
There is an entrance to a sewer on this level.
Hurry and find it before the portal rusts away!
There is a stone staircase leading up, spattered with blood here.
The gnoll sergeant hits you from afar with a +0 spear!
The gnoll hits you with a +0 spear! The gnoll sergeant misses you.
You barely miss the gnoll sergeant. The gnoll hits you with a +0 spear.
* * * LOW HITPOINT WARNING * * *
You scratch the gnoll sergeant. You bite the gnoll sergeant.
The gnoll sergeant is moderately wounded.
The gnoll sergeant closely misses you. The gnoll barely misses you.
You scratch the gnoll sergeant.
The gnoll sergeant is heavily wounded.
The gnoll sergeant closely misses you. The gnoll completely misses you.
You scratch the gnoll sergeant.
The gnoll sergeant is heavily wounded.
The gnoll sergeant hits you with a +0 spear.
* * * LOW HITPOINT WARNING * * *
The gnoll barely misses you.
You scratch the gnoll sergeant but do no damage.
You bite the gnoll sergeant.
The gnoll sergeant is heavily wounded.
The gnoll sergeant hits you with a +0 spear.
* * * LOW HITPOINT WARNING * * *
The gnoll hits you with a +0 spear.
* * * LOW HITPOINT WARNING * * *
You claw the gnoll sergeant!
You claw the gnoll sergeant, but do no damage.
The gnoll sergeant is almost dead.
The gnoll misses you.
You barely miss the gnoll sergeant.
The gnoll sergeant is almost dead.
The gnoll sergeant hits you with a +0 spear!
You die...

.....#.............#.##..##
##.###............######.#
#....#).......##.## ###
...............g.#
................###
...........####...#
###.###....## ##..## ...
##....## #...# #.. #.....#
#hg.# # #.##..###.g##
#.##......## #..#......#
##.........##
##..........<#
#####............#
...............####
.........###......###


You could see a gnoll sergeant and 2 gnolls.

Vanquished Creatures
  A water moccasin (D:4)
  A scorpion (D:4)
  3 hounds
  3 jellies
  3 orc priests
  An iron imp (D:3)
  Natasha (twice) (D:2)
  10 gnolls
  7 adders
  A white imp (D:5)
  2 ufetubi (D:5)
  2 adder zombies (D:4)
  3 worms
  3 dart slugs
  11 orcs
  4 ball pythons
  9 bats
  4 endoplasms
  3 giant cockroaches
  5 hobgoblins
  2 jackals (D:1)
  6 kobolds
  3 quokkas
  3 frilled lizards
  7 goblins
  3 rats
102 creatures vanquished.

Notes
Turn   | Place    | Note
-------+----------+-------------------------------------------
     0 | D:1      | avis the Felid Shapeshifter began the quest for the Orb.
     0 | D:1      | Reached XP level 1. HP: 9/9 MP: 2/2
   204 | D:1      | Reached XP level 2. HP: 13/13 MP: 3/3
   929 | D:2      | Noticed Terence
  1349 | D:2      | Reached XP level 3. HP: 16/16 MP: 4/4
  1504 | D:2      | Found a runed translucent door.
  1505 | D:2      | Noticed Crazy Yiuf
  1558 | D:2      | Identified the +0 robe "Vusugeyk" {Regen+}
  1580 | D:3      | Noticed Natasha
  1682 | D:2      | Killed Natasha
  1801 | D:2      | Reached skill level 5 in Dodging
  1801 | D:2      | Reached XP level 4. HP: 19/19 MP: 5/5
  2114 | D:2      | Noticed Natasha
  2119 | D:2      | Killed Natasha
  2120 | D:2      | Reached XP level 5. HP: 13/23 MP: 6/6
  2217 | D:2      | Noticed Natasha
  2588 | D:3      | Reached skill level 4 in Shapeshifting
  2710 | D:3      | Found a faded altar of an unknown god.
  2863 | D:3      | Found a shimmering altar of Xom.
  2950 | D:3      | Found a snail-covered altar of Cheibriados.
  2962 | D:3      | Gained mutation: You are covered in thick fur. (AC +2)
                  | [Felid growth]
  2962 | D:3      | Reached XP level 6. HP: 28/28 MP: 7/7
  3074 | D:3      | Found a shadowy altar of Dithmenos.
  3086 | D:3      | Learned a level 2 spell: Blink
  3105 | D:3      | Found a burning altar of Makhleb.
  3345 | D:4      | Found a staircase to the Ecumenical Temple.
  3551 | D:4      | Reached skill level 5 in Shapeshifting
  3663 | D:4      | Noticed a water moccasin
  3676 | D:4      | Killed a water moccasin
  3711 | D:4      | Reached XP level 7. HP: 32/32 MP: 8/8
  3929 | D:4      | Found a white marble altar of Elyvilon.
  3930 | D:4      | Found a glowing silver altar of Zin.
  3930 | D:4      | Found a glowing golden altar of the Shining One.
  4010 | D:4      | Reached skill level 6 in Shapeshifting
  4087 | D:4      | Found a basalt altar of Yredelemnul.
  4164 | D:5      | Entered Level 5 of the Dungeon
  4191 | Temple   | Entered the Ecumenical Temple
  4399 | D:5      | Found a hide-covered altar of Uskayaw.
  4514 | D:5      | Slain by a gnoll sergeant
  4647 | D:4      | Reached skill level 7 in Shapeshifting
  4716 | D:4      | Slain by a gnoll sergeant
  4935 | D:5      | Mangled by a gnoll sergeant

Illustrated notes

Levels and vault maps discovered:
D:1:      eino_arrival_water_cross, layout_basic
D:2:      layout_loops_ring, ebering_dispersal_statue_hall,
          minmay_crystal_water, dreamdust_wishing_well,
          minmay_misc_feat_enclosed, uniq_crazy_yiuf_cottage, uniq_terence
D:3:      layout_rooms, chei_slow_surprise, lemuel_doored_altar,
          mainiacjoe_overflow_two_lobes,
          shapermc_ecumenical_altar_mp_ritualfount, uniq_natasha
D:4:      layout_basic, dreamdust_divine_triumvirate,
          lemuel_zombie_altar_yredelemnul, minmay_temple_entry_proselytizer,
          minmay_liquid_box, minmay_fractal_squares_diagonal_5
D:5:      layout_cave_pools, nicolae_kikubaaqudgha_miasma_corner,
          mainiacjoe_overflow_boulevard, portal_sewer_entry_e,
          serial_gnoll_camp, gnoll_camp_mini_basic, gnoll_camp_mini_doghouse,
          gnoll_camp_mini_shop, gnoll_camp_mini_doghouse,
          gnoll_camp_mini_sergeant
Temple:   hellmonk_temple_two_chambers

Skill      XL: |  1  2  3  4  5  6  7 |
---------------+----------------------+-----
Fighting       | 2 3 4 |  4.2
Dodging        | 3 5 6 |  6.0
Shapeshifting  | 4 5 7 |  7.0
Unarmed Combat | |  3.0

Action                     |  1- 3 |  4- 6 |  7- 9 || total
---------------------------+-------+-------+-------++-------
  Melee: Unarmed           |    50 |   144 |   102 ||   296
         Bite              |     7 |    15 |    14 ||    36
         Punch             |     1 |     1 |     4 ||     6
    Use: Potion            |       |     1 |       ||     1
         Scroll            |       |       |     3 ||     3
   Stab: Sleeping          |     5 |     2 |       ||     7
         Distracted        |     1 |       |       ||     1
 Armour: Skin              |    17 |    54 |    52 ||   123
  Dodge: Dodged            |    32 |   117 |    98 ||   247

Table legend: (Time is in decaauts)
 A = Elapsed time spent in this place.
 B = Non-inter-level travel time spent in this place.
 C = Inter-level travel time spent in this place.
 D = Time resting spent in this place.
 E = Time spent auto-exploring this place.
 F = Levels seen in this place.
 G = Mean time per level.
                   A        B        C        D        E       F      G
               +--------+--------+--------+--------+--------+-----+--------+
         Total |   4284 |   3808 |    476 |    897 |   1664 |   6 |  714.0 |
       Dungeon |   4267 |   3795 |    472 |    897 |   1664 |   5 |  853.4 |
        Temple |     17 |     13 |      4 |      0 |      0 |   1 |   17.0 |
               +--------+--------+--------+--------+--------+-----+--------+

Top non-repeatable levels by time:
     D:2: 1337 daAuts
     D:4: 1000 daAuts
     D:1: 828 daAuts
     D:3: 783 daAuts
     D:5: 317 daAuts
  Temple: 17 daAuts
